 Dungeon Crawl Stone Soup version 0.31-a0-40-g1d5085d191 (webtiles) character file.

Game seed: 18048668488412240560

371 pk666 the Magician (level 6, -3/32 HPs)
             Began as a Deep Elf Fire Elementalist on May 18, 2023.
             Shot with an arrow by a centaur (11 damage)
             ... on level 4 of the Dungeon.
             The game lasted 00:05:36 (4450 turns).

pk666 the Magician (Deep Elf Fire Elementalist)     Turns: 4450, Time: 00:05:37

Health: -3/32      AC:  2    Str:  5    XL:     6   Next: 42%
Magic:  14/15      EV: 14    Int: 22    God:
Gold:   136        SH:  0    Dex: 15    Spells: 3/15 levels left

rFire   + + .        k - staff of fire
rCold   . . .        (no shield)
rNeg    . . .        l - +0 robe {rF+}
rPois   .            (no helmet)
rElec   .            (no cloak)
rCorr   .            (no gloves)
SInv    .            (no boots)
Will    .....        (no amulet)
Stlth   ++           (no ring)
HPRegen 0.25/turn    (no ring)
MPRegen 0.14/turn

%: no passive effects
@: no status effects
A: no striking features
a: no special abilities


You were on level 4 of the Dungeon.
You visited 1 branch of the dungeon, and saw 4 of its levels.

You collected 136 gold pieces.

Inventory:

Hand Weapons
 h - a +2 dagger of speed
Armour
 l - a +0 robe of fire resistance (worn)
Magical Staves
 k - a staff of fire (weapon)
Scrolls
 a - a scroll of torment {unknown}
 b - 3 scrolls of identify {unknown}
 d - 2 scrolls of teleportation {unknown}
 e - 2 scrolls of blinking {unknown}
 f - a scroll of poison {unknown}
 g - a scroll of butterflies {unknown}
 j - 3 scrolls of fear {unknown}
 o - a scroll of silence {unknown}
Potions
 c - a potion of berserk rage {unknown}
 i - a potion of mutation {unknown}
 m - a potion of haste {unknown}
 n - 2 potions of curing {unknown}
 p - a potion of heal wounds {unknown}
 q - a potion of lignification {unknown}
 r - a potion of invisibility {unknown}


   Skills:
 + Level 4.5 Dodging
 - Level 2.4 Stealth
 + Level 5.1 Spellcasting
 + Level 3.6 Conjurations
 * Level 1.2 Necromancy
 + Level 4.8 Fire Magic


You had 3 spell levels left.
You knew the following spells:

 Your Spells              Type           Power      Damage    Failure   Level
a - Foxfire               Conj/Fire      100%       2x1d9     1%          1
b - Scorch                Fire           80%        2d8       1%          2
c - Flame Wave            Conj/Fire      36%        2d10      17%         4
d - Borgnjor's Vile Clut  Necr/Erth      4%         N/A       91%         5

Your spell library contained the following spells:

 Spells                   Type           Power      Damage    Failure   Level
 Kiss of Death            Conj/Necr      64%        2d10      3%          1
 Necrotise                Necr           44%        1d6       6%          1
 Apportation              Tloc           10%        N/A       10%         1
 Summon Small Mammal      Summ           20%        N/A       10%         1
 Inner Flame              Hex/Fire       24%        N/A       11%         3
 Volatile Blastmotes      Fire/Tloc      48%        2d14      11%         3
 Tukima's Dance           Hex            5%         N/A       30%         3
 Passage of Golubria      Tloc           5%         N/A       69%         4
 Yara's Violent Unravell  Hex/Tmut       2%         3d3       95%         5
 Haunt                    Necr/Summ      4%         N/A       100%        7
 Storm Form               Tmut/Air       2%         N/A       100%        7


Dungeon Overview and Level Annotations

Branches:
Dungeon (4/15)
 Temple: D:4-7

Altars:
Kikubaaqudgha

Shops:
D:3 [(

Annotations:
D:3 2 transporters


Message History

You pick up Great Wizards, Vol.
VII and begin reading...
You add the spells Tukima's Dance, Passage of Golubria and Yara's Violent Unravelling to your library.
n - 2 smoky yellow potions (gained 1)
A hobgoblin and a goblin come into view.
Found a dagger.
There are monsters nearby!
Casting: Foxfire (safe; 1% risk of failure)
Confirm with . or Enter, or press ? or * to list all spells.
You feel a surge of power!
You conjure some foxfire!
The goblin shouts!
The hobgoblin shouts!
The foxfire hits the hobgoblin.
The hobgoblin is heavily wounded.
Casting: Foxfire (safe; 1% risk of failure)
Confirm with . or Enter, or press ? or * to list all spells.
You feel a surge of power!
You conjure some foxfire!
Your foxfire dissipates!
The foxfire hits the hobgoblin.
You kill the hobgoblin!
The foxfire hits the goblin.
You kill the goblin!
You can't see any susceptible monsters within range! (Use Z to cast anyway.)
You see here a hobgoblin corpse.
Found a stone staircase leading down.
A centaur comes into view.
The centaur shouts!
The centaur wields a +0 shortbow.
The centaur shoots an arrow.
The arrow hits you.
Casting: Foxfire (safe; 1% risk of failure)
Confirm with . or Enter, or press ? or * to list all spells.
You feel a surge of power!
You conjure some foxfire!
The centaur shoots an arrow.
The arrow hits you!
The centaur shoots an arrow.
The arrow hits you.
The foxfire hits the centaur.
The centaur is moderately wounded.
The foxfire hits the centaur.
The centaur is heavily wounded.
The centaur shoots an arrow.
The arrow hits you.
* * * LOW HITPOINT WARNING * * *
The centaur shoots an arrow.
The arrow hits you!
You die...

# #. .# #. #.# ###.#
#.# ###....## #.#
#....$§.## #.##
.....§..@####..# #
...§§.§§§......# ..
.....§.........###...
.c.§§.#######........
....## ##.........
.#...# ##....#...##
##...# ##...###...#
#...##...## ...#
#..#...## ##..#


You could see a centaur.

Vanquished Creatures
  Sigmund (D:3)
  A howler monkey (D:4)
  Jessica (D:2)
  An iguana (D:2)
  5 adders
  A worm (D:3)
  5 dart slugs
  An orc (D:3)
  4 endoplasms
  3 giant cockroaches
  10 hobgoblins
  4 jackals (D:3)
  4 ball pythons
  6 bats
  3 frilled lizards
  5 goblins
  6 kobolds
  5 rats
66 creatures vanquished.

Vanquished Creatures (others)
  A worm (D:3)
  225 foxfires
226 creatures vanquished.

Grand Total: 292 creatures vanquished

Notes
Turn   | Place    | Note
-------+----------+-------------------------------------------
     0 | D:1      | pk666 the Deep Elf Fire Elementalist began the quest for
                  | the Orb.
     0 | D:1      | Reached XP level 1. HP: 10/10 MP: 6/6
   448 | D:1      | Reached XP level 2. HP: 15/15 MP: 2/8
   451 | D:1      | Learned a level 2 spell: Scorch
  1475 | D:2      | Noticed Jessica
  1479 | D:2      | Reached XP level 3. HP: 19/19 MP: 2/10
  1479 | D:2      | Killed Jessica
  1615 | D:2      | Reached XP level 4. HP: 24/24 MP: 7/11
  1676 | D:2      | Reached skill level 4 in Spellcasting
  2553 | D:3      | Found Pufail's Armour Boutique.
  2682 | D:3      | Reached XP level 5. HP: 28/28 MP: 11/13
  2696 | D:3      | Noticed a kobold demonologist
  2699 | D:3      | Found a transporter.
  2705 | D:3      | Found a transporter.
  2739 | D:3      | Found Goqerhoa's Weapon Emporium.
  3221 | D:3      | Found an ancient bone altar of Kikubaaqudgha.
  3222 | D:3      | Noticed Sigmund
  3228 | D:3      | Killed Sigmund
  3229 | D:3      | Reached skill level 5 in Spellcasting
  3229 | D:3      | Reached XP level 6. HP: 32/32 MP: 10/15
  3277 | D:3      | Got the Volume of Feathery Bodies
  3283 | D:3      | Learned a level 4 spell: Flame Wave
  3289 | D:3      | Learned a level 5 spell: Borgnjor's Vile Clutch
  4149 | D:4      | Reached skill level 1 in Necromancy
  4450 | D:4      | Shot with an arrow by a centaur

Illustrated notes

Levels and vault maps discovered:
D:1:      onia_arrival_handbag, layout_basic, serial_co_window_serial,
          co_window_corner_a, co_window_corner_a, co_window_paths_b,
          co_window_corner_a, co_window_cross_1, co_window_broadway_c,
          co_window_broadway_b, co_window_of_opportunity_c, glass_columns_a,
          glass_columns_a, glass_columns_c, glass_columns_c, glass_columns_b
D:2:      layout_basic, minmay_misc_feat_square, st_stairs_14, uniq_jessica
D:3:      gammafunk_wand_slinger, layout_basic, kiku_gazebo_garden_becter,
          serial_shops, shop, nicolae_shop_stone, lemuel_flame_loot_1,
          uniq_sigmund
D:4:      layout_layer_cave

Skill      XL: |  1  2  3  4  5  6 |
---------------+-------------------+-----
Dodging        | 3 4 |  4.5
Conjurations   | 2 3 |  3.6
Fire Magic     | 4 |  4.8
Spellcasting   | 4 5 |  5.1
Necromancy     | 1 |  1.2
Stealth        | |  2.4

Action                     |  1- 3 |  4- 6 || total
---------------------------+-------+-------++-------
   Cast: Foxfire           |    63 |    64 ||   127
         Scorch            |     9 |    14 ||    23
         Flame Wave        |       |     1 ||     1
    Use: Potion            |     1 |       ||     1
 Armour: Robe              |     5 |     4 ||     9
  Dodge: Dodged            |    10 |    23 ||    33

Table legend: (Time is in decaauts)
 A = Elapsed time spent in this place.
 B = Non-inter-level travel time spent in this place.
 C = Inter-level travel time spent in this place.
 D = Time resting spent in this place.
 E = Time spent auto-exploring this place.
 F = Levels seen in this place.
 G = Mean time per level.
                   A        B        C        D        E       F      G
               +--------+--------+--------+--------+--------+-----+--------+
         Total |   4448 |   4230 |    218 |    354 |   3382 |   4 | 1112.0 |
       Dungeon |   4448 |   4230 |    218 |    354 |   3382 |   4 | 1112.0 |
               +--------+--------+--------+--------+--------+-----+--------+

Top non-repeatable levels by time:
     D:3: 1745 daAuts
     D:1: 1474 daAuts
     D:2: 913 daAuts
     D:4: 314 daAuts
